 Dungeon Crawl Stone Soup version 0.25-a0-21-ga5a8db46c7 (webtiles) character file.

Game seed: 13478801850581783309, levelgen mode: deterministic

801 Kohma the Covert (level 7, -6/32 HPs)
             Began as a Spriggan Enchanter on Oct 16, 2019.
             Mangled by Menkaure (18 damage)
             ... on level 6 of the Dungeon.
             The game lasted 00:18:30 (7668 turns).

Kohma the Covert (Spriggan Enchanter)               Turns: 7668, Time: 00:18:31

Health: -6/32      AC:  3    Str:  4    XL:     7   Next: 59%
Magic:  14/14      EV: 18    Int: 18    God:
Gold:   124        SH:  0    Dex: 17    Spells: 8/14 levels left

rFire    . . .     SeeInvis +   a - +2 dagger
rCold    . . .     Gourm    .   (shield restricted)
rNeg     . . .     Faith    .   b - +1 robe
rPois    .         Spirit   .   (helmet restricted)
rElec    .         Reflect  .   (no cloak)
rCorr    .         Harm     .   (gloves unavailable)
MR       +....                  (boots unavailable)
Stlth    ++++......             (no amulet)
HPRegen  0.10/turn              (no ring)
MPRegen  0.14/turn              (no ring)

@: very slightly contaminated, very quick
A: very small, unfitting armour, see invisible, herbivore, speed 3, slow
metabolism 2
a: no special abilities


You were on level 6 of the Dungeon.
You were not hungry.

You visited 2 branches of the dungeon, and saw 7 of its levels.

You collected 267 gold pieces.
You spent 143 gold pieces at shops.

Inventory:

Hand Weapons
 a - a +2 dagger (weapon)
Missiles
 e - 151 stones
 q - 12 poisoned darts (quivered)
Armour
 b - a +1 robe (worn)
Wands
 u - a wand of iceblast (10)
Scrolls
 c - a scroll of enchant armour
 f - 3 scrolls of teleportation
 h - 2 scrolls of magic mapping
 v - a scroll of blinking
Potions
 g - 4 potions of might
 k - 5 potions of curing
 l - 2 potions of heal wounds
 m - a potion of ambrosia
 o - a potion of invisibility {unknown}
 p - a potion of flight {unknown}
 r - 2 potions of brilliance
 t - a potion of haste {unknown}
 x - a potion of degeneration {unknown}
 B - a potion of lignification {unknown}
Comestibles
 d - 8 rations


   Skills:
 - Level 5.2 Short Blades
 - Level 3.3 Dodging
 - Level 8.1 Stealth
 - Level 4.0 Spellcasting
 + Level 6.9 Hexes


You had 8 spell levels left.
You knew the following spells:

 Your Spells              Type           Power        Failure   Level  Hunger
a - Corona                Hex            ####...      1%          1    None
b - Ensorcelled Hibernat  Hex/Ice        ###...       5%          2    ##.....
c - Confuse               Hex            ####....     2%          3    ###....

Your spell library contained the following spells:

 Spells                   Type           Power        Failure   Level  Hunger
 Confusing Touch          Hex            ####..       1%          1    None
 Tukima's Dance           Hex            ####....     2%          3    ###....
 Dazzling Spray           Conj/Hex       ###...       11%         3    ###....
 Animate Skeleton         Necr           N/A          14%         1    None
 Apportation              Tloc           #.....       14%         1    None
 Summon Small Mammal      Summ           #...         14%         1    None


Dungeon Overview and Level Annotations

Branches:
Dungeon (6/15)             Temple (1/1) D:5

Altars:
Ashenzari
Cheibriados
Dithmenos
Elyvilon
Fedhas
Gozag
Hepliaklqana
Makhleb
Nemelex Xobeh
Okawaru
Qazlal
Ru
Sif Muna
Uskayaw
Wu Jian
Xom
Yredelemnul
Zin
The Shining One

Shops:
D:4 *

Annotations:
D:5 2 transporters, Mattoad's ghost, weakling MiBe
D:6 Menkaure


Innate Abilities, Weirdness & Mutations

You are very small and have problems with some larger weapons.
You are too small for most types of armour.
You have supernaturally acute eyesight. (SInv)
You are a herbivore.
You cover ground extremely quickly.
You need to consume almost no food.


Message History

Your orc hits the worker ant with a +0 whip.
The worker ant barely misses your orc.
You feel sick.
Your orc wizard hits Menkaure with a +0 dagger.
You feel sick. The worker ant misses your orc.
Your orc hits the worker ant with a +0 whip.
There is a lethal amount of poison in your body!
You feel better.
Your orc dissolves into shadows!
Your orc priest mumbles some strange prayers to Beogh against the worker ant.
The worker ant is smitten.
The worker ant dies!
Your orc wizard hits Menkaure with a +0 dagger.
Menkaure calls on the powers of darkness!
Your orc wizard convulses!
Your orc priest convulses!
Your body is wracked with pain!
Your orc priest hits Menkaure but does no damage.
Your orc wizard barely misses Menkaure.
Menkaure hits you!!
Ouch! That really hurt!
You die...

,**,*,***,*,,**.#***,,...,,*
***,,,,,,,,,,**.# *,*#.#***
,,********##+##.##**,*#.# *,*
##...#..,,,,*#.# *,**
##.....##****##.# *,,**
##.......## ##..#
*,,,***#.........####...##
,,,,,,,+.....)..oMo......#
*,,,***#........@####.o§#####
*,,** ##.......##*,§§§§§...#
*,** ##.....## *,*##§###.#
*,* ##...## *,* #§# *,* *,***
##+## *,###§# *,* *,,,* *,*
*,#ooo# *,* ***,* *,* *,#o###
*,* *,* **,** *,#.* *,*
***,*** **,,,*****,#,*****,*


You could see Menkaure, a friendly orc priest and a friendly orc wizard.

Vanquished Creatures
  A phantom (D:4)
  An ogre (D:5)
  A centaur (D:5)
  A scorpion (D:5)
  A crimson imp (D:5)
  A howler monkey (D:5)
  A gnoll shaman (D:5)
  An orc wizard (D:5)
  2 orc priests (D:5)
  A bullfrog skeleton (D:5)
  3 worker ants (D:4)
  A howler monkey zombie (D:5)
  A worker ant zombie (D:5)
  3 gnolls (D:5)
  4 adders
  2 shadow imps (D:5)
  2 oozes
  2 adder skeletons
  An adder zombie (D:5)
  4 worms
  2 dart slugs (D:1)
  A leopard gecko (D:4)
  4 orcs
  5 giant cockroaches
  7 goblins
  6 hobgoblins
  4 bats
  8 frilled lizards
  7 kobolds
  A quokka skeleton (D:4)
  6 rats
  A bush (D:4)
  A butterfly (D:5)
87 creatures vanquished.

Vanquished Creatures (collateral kills)
  A worker ant (D:6)
1 creature vanquished.

Grand Total: 88 creatures vanquished

Notes
Turn   | Place    | Note
-------+----------+-------------------------------------------
     0 | D:1      | Kohma the Spriggan Enchanter began the quest for the Orb.
     0 | D:1      | Reached XP level 1. HP: 9/9 MP: 5/5
   456 | D:1      | Reached XP level 2. HP: 12/13 MP: 6/6
  1094 | D:2      | Reached skill level 5 in Stealth
  1185 | D:2      | Reached XP level 3. HP: 5/16 MP: 8/8
  1410 | D:2      | Learned a level 2 spell: Ensorcelled Hibernation
  1415 | D:2      | Learned a level 3 spell: Confuse
  1439 | D:2      | Found a blossoming altar of Fedhas.
  2246 | D:3      | Found an iron altar of Okawaru.
  2318 | D:3      | Reached XP level 4. HP: 21/21 MP: 9/9
  2570 | D:3      | Found a faded altar of an unknown god.
  2590 | D:3      | Reached skill level 6 in Stealth
  2633 | D:3      | Found a snail-covered altar of Cheibriados.
  2633 | D:3      | Found a shimmering blue altar of Sif Muna.
  3160 | D:4      | Found an opulent altar of Gozag.
  3162 | D:4      | Found a hazy altar of Hepliaklqana.
  3338 | D:4      | Found Sorchasou's Assorted Antiques.
  3340 | D:4      | Noticed a phantom
  3359 | D:4      | HP: 1/21 [phantom (2)]
  3774 | D:4      | Killed a phantom
  3774 | D:4      | Reached skill level 7 in Stealth
  3774 | D:4      | Reached XP level 5. HP: 14/24 MP: 1/10
  4003 | D:4      | Bought a viscous inky potion for 27 gold pieces
  4003 | D:4      | Bought a scroll labeled SEAWKY JYACW for 31 gold pieces
  4003 | D:4      | Bought a fizzy pink potion for 27 gold pieces
  4003 | D:4      | Bought a lumpy purple potion for 27 gold pieces
  4003 | D:4      | Bought a scroll labeled PIYRCH ZIRCH for 31 gold pieces
  4256 | D:4      | Reached XP level 6. HP: 28/28 MP: 11/11
  5158 | D:5      | Entered Level 5 of the Dungeon
  5268 | D:5      | Reached skill level 8 in Stealth
  5499 | D:5      | Reached skill level 5 in Short Blades
  5717 | D:5      | Found a staircase to the Ecumenical Temple.
  5726 | Temple   | Entered the Ecumenical Temple
  6569 | D:5      | Reached XP level 7. HP: 29/32 MP: 2/13
  6783 | D:5      | Reached skill level 5 in Hexes
  7215 | D:5      | Found a glowing silver altar of Zin.
  7521 | D:5      | Identified the cursed +2 great mace of Oenomania {crush,
                  | +Fly Int+5}
  7523 | D:5      | Noticed Mattoad's ghost (weakling MiBe)
  7524 | D:5      | Found a transporter.
  7528 | D:5      | Found a transporter.
  7661 | D:6      | Noticed Menkaure
  7668 | D:6      | Mangled by Menkaure

Levels and vault maps discovered:
D:1:      erik_arrival_triangle_small, layout_basic, hex_intersection
D:2:      layout_loops_ring, first_ration, fedhas_altar_1
D:3:      layout_basic, gammafunk_temple_overflow_wave,
          chequers_ecumenical_altar_twisty, okawaru_metal_pillars_1_2
D:4:      layout_loops_cross, chequers_temple_overflow_statue_of_worship,
          serial_shops, shop, serial_forest, infiniplex_forest_end_3,
          infiniplex_forest_straight_2, infiniplex_forest_end_1,
          infiniplex_forest_clump_double, infiniplex_forest_end_double,
          chequers_serial_rivers_small_b
D:5:      layout_basic, old_standard_altar, minmay_temple_entry_butterflies,
          gammafunk_ghost_smash, nrook_pool_corridor
D:6:      layout_loops_corners, uniq_menkaure
Temple:   nicolae_temple_figure_eight

Skill      XL: |  1  2  3  4  5  6  7 |
---------------+----------------------+-----
Spellcasting   | 3 4 |  4.0
Stealth        | 5 7 8 |  8.1
Short Blades   | 2 4 5 |  5.2
Hexes          | 4 6 |  6.9
Dodging        | |  3.3

Action                   |  1- 3 |  4- 6 |  7- 9 || total
-------------------------+-------+-------+-------++-------
Melee: Dagger            |   118 |   679 |    57 ||   854
Throw: Dart              |       |     4 |    13 ||    17
 Cast: Ensorcelled Hiber |     4 |    35 |     3 ||    42
       Confuse           |     1 |    18 |     8 ||    27
  Use: Scroll            |       |       |    16 ||    16
       Potion            |       |       |     1 ||     1
 Stab: Sleeping          |    15 |    22 |     3 ||    40
       Distracted        |     1 |     1 |       ||     2
       Confused          |     1 |     8 |     3 ||    12
  Eat: Ration            |       |     4 |     1 ||     5
Armor: Robe              |    11 |    11 |     4 ||    26
Dodge: Dodged            |    79 |    92 |    29 ||   200

Table legend:
 A = Non-vault XP
 B = Vault XP
 C = Vault XP percentage of total XP
 D = Non-vault monster count
 E = Vault monster count
 F = Vault count percentage of total count
                 A         B        C        D         E       F
            +---------+---------+-------+---------+---------+-------
      Total |    1145 |       0 |   0.0 |      86 |       0 |   0.0
            +---------+---------+-------+---------+---------+-------
        D:1 |      34 |       0 |   0.0 |      19 |       0 |   0.0
        D:2 |      43 |       0 |   0.0 |      11 |       0 |   0.0
        D:3 |      67 |       0 |   0.0 |      20 |       0 |   0.0
        D:4 |     256 |       0 |   0.0 |      10 |       0 |   0.0
        D:5 |     733 |       0 |   0.0 |      25 |       0 |   0.0
        D:6 |      12 |       0 |   0.0 |       1 |       0 |   0.0
            +---------+---------+-------+---------+---------+-------
